Map: Orbital Shipyard

Players

qluvanime

  • Race: Terran Terran
  • League: Diamond

ILLBdA - Winner!

  • Race: Protoss Protoss
  • League: Diamond

VOD

Have the link to the VOD?

Description

Time

  • Played on: Dec. 31, 2015, 8:50 p.m.
  • Length: 5:33
Show
View Real Time Build Order
Export as new Build Order

qluvanime Terran 

Build Orders: Reaper Expand 

Get SALT Encoding   

  12  0:01  SCV  
  13  0:13  SCV  
  14  0:22  Supply Depot  
  14  0:25  SCV  
  15  0:44  SCV  
  15  0:45  Barracks  
  15  0:48  Refinery  
  16  0:56  SCV  
  17  1:08  SCV  
  18  1:20  SCV  
  19  1:33  Orbital Command  
  19  1:36  Reaper  
  20  1:41  Command Center  
  20  1:54  Supply Depot  
  20  1:59  SCV  
  21  2:09  Barracks Reactor  
  21  2:11  SCV  
  22  2:23  SCV  
  22  2:28  Factory  
  23  2:35  SCV  
  23  2:47  SCV  
  24  2:52  Marine x2  
  24  2:53  Orbital Command  
  26  2:59  SCV  
  27  3:10  Marine x2  
  27  3:11  SCV  
  30  3:14  Starport  
  30  3:15  Factory Tech Lab  
  30  3:17  Refinery  
  30  3:20  SCV  
  30  3:23  SCV  
  30  3:27  Bunker  
  32  3:28  Bunker, Marine x2  
  29  3:42  Bunker  
  29  3:46  Marine x2  
  30  3:51  SCV x2  
  31  3:56  Siege Tank  
  33  4:03  SCV, Marine, Supply Depot  
  33  4:04  Marine  
  33  4:08  Supply Depot  
  36  4:11  SCV  
  36  4:14  Bunker  
  36  4:49  SCV  
  36  4:52  SCV  
  36  5:04  SCV  
Show
View Real Time Build Order
Export as new Build Order

ILLBdA Protoss - Winner!

Build Orders: 1 Gate Expand, Oracle Opening 

Get SALT Encoding   

  12  0:01  Probe (Chrono Boost)  
  13  0:11  Probe (Chrono Boost)  
  14  0:20  Pylon  
  14  0:22  Probe (Chrono Boost)  
  15  0:38  Probe (Chrono Boost), Gateway  
  16  0:45  Assimilator  
  16  0:48  Probe (Chrono Boost)  
  17  0:59  Probe (Chrono Boost)  
  18  1:09  Probe (Chrono Boost)  
  19  1:21  Nexus  
  19  1:32  Cybernetics Core  
  19  1:33  Probe (Chrono Boost)  
  20  1:44  Probe (Chrono Boost)  
  20  1:46  Assimilator  
  21  1:49  Pylon  
  21  1:54  Probe (Chrono Boost)  
  22  2:08  Mothership Core (Chrono Boost), Adept  
  26  2:17  Warp Gate  
  26  2:22  Pylon  
  26  2:26  Probe (Chrono Boost)  
  27  2:33  Probe (Chrono Boost)  
  27  2:35  Stalker  
  30  2:50  Probe (Chrono Boost)  
  31  2:54  Probe (Chrono Boost)  
  32  3:02  Stargate  
  32  3:05  Probe x2 (Chrono Boost)  
  34  3:16  Probe x2 (Chrono Boost)  
  34  3:17  Pylon  
  34  3:18  Pylon  
  36  3:20  Pylon  
  36  3:26  Probe (Chrono Boost)  
  37  3:28  Pylon  
  37  3:37  Stalker  
  39  3:47  Oracle (Chrono Boost)  
  40  4:04  Pylon x2  
  40  4:07  Stalker  
  42  4:20  Probe x2  
  42  4:23  Oracle (Chrono Boost)  
  42  4:30  Probe  
  42  4:32  Probe  
  42  4:37  Nexus  
  42  4:41  Probe  
  42  4:44  Gateway x2, Probe  
  42  4:53  Stalker  
  42  5:20  Probe  
Tags
 
Add a new tag
Caveats
  • Supply blocks, unpowered buildings, or Contaminate may cause inaccurate times.
  • Supply counts are checked every 10 seconds.